 Dungeon Sprint DCSS version 0.30-a0-802-gb92711bcdf (webtiles) character file.

Game seed: 8066697458276980719

11500000 BigDaddyOpFi the Intangible (level 27, 0/228 HPs)
             Began as a Djinni Warper on Feb 24, 2023.
             Was the Champion of Makhleb.
             Killed by divine providence
             ... invoked by an observer
              (13 damage)
             ... in the Dungeon (Sprint VIII: "Arena of Blood").
             The game lasted 00:02:58 (115 turns).

BigDaddyOpFi the Intangible (Djinni Warper)          Turns: 115, Time: 00:02:59

Health: 0/228      AC:  6    Str: 10    XL:     27
Gold:   0          EV: 37    Int: 16    God:    Makhleb [******] SH:  0 Dex: 26

rFire   + + .      SeeInvis +    h - +∞ Axe of Woe
rCold   x . .      Faith    .    (shield currently unavailable)
rNeg    . . .      Spirit   .    a - +0 leather armour
rPois   ∞          Reflect  .    (no helmet)
rElec   .          Harm     .    (no cloak)
rCorr   .          Rampage  .    (no gloves)
Will    ++...      NoTele   +    (boots unavailable)
Stlth   ++++++++++               (no amulet)
HPRegen 0.58/turn                i - ring of see invisible
MPRegen 0.00/turn                (no ring)

@: flying
A: sickness immunity, fire resistance 2, cold vulnerability 1, float, innate
caster, HP casting, extra vitality 1
a: Renounce Religion, Minor Destruction, Lesser Servant of Makhleb, Major
Destruction, Greater Servant of Makhleb


You were in the Dungeon.
You worshipped Makhleb.
Makhleb was exalted by your worship.
You visited 1 branch

Inventory:

Hand Weapons
 h - the +∞ Axe of Woe (weapon)
   (You found it in the Dungeon)
Missiles
 c - 7 boomerangs of dispersal (quivered)
Armour
 a - a +0 leather armour (worn)
Jewellery
 i - a ring of see invisible (left hand)
Scrolls
 b - a scroll of blinking
Potions
 d - a potion of curing
 e - a potion of heal wounds
 f - a potion of haste
 g - a potion of berserk rage


   Skills:
 O Level 27 Fighting
 O Level 27 Short Blades
 O Level 27 Long Blades
 O Level 27 Axes
 O Level 27 Maces & Flails
 O Level 27 Polearms
 O Level 27 Staves
 O Level 27 Ranged Weapons
 O Level 27 Throwing
 O Level 27 Armour
 O Level 27 Dodging
 O Level 27 Stealth
 O Level 27 Shields
 O Level 27 Unarmed Combat
 O Level 27 Spellcasting
 O Level 27 Invocations
 O Level 27 Evocations


You knew the following spells:

 Your Spells              Type           Power      Damage    Failure   Level
a - Blink                 Tloc           100%       N/A       0%          2
b - Lesser Beckoning      Tloc           100%       N/A       0%          2
c - Vhi's Electric Charg  Tloc/Air       100%       N/A       0%          3
d - Teleport Other        Tloc           82%        N/A       0%          3
e - Manifold Assault      Tloc           82%        N/A       0%          4
f - Foxfire               Conj/Fire      100%       2x1d9     0%          1
g - Static Discharge      Conj/Air       100%       2-7/arc   0%          2
h - Summon Guardian Gole  Hex/Summ       82%        N/A       0%          3
i - Inner Flame           Hex/Fire       82%        N/A       0%          3
j - Silence               Hex/Air        41%        N/A       0%          5
k - Iskenderun's Battles  Conj           82%        2d13      0%          5
l - Summon Cactus Giant   Summ           41%        N/A       0%          6
m - Enfeeble              Hex            41%        N/A       1%          7
n - Haunt                 Necr/Summ      41%        N/A       1%          7
o - Necromutation         Tmut/Necr      41%        N/A       1%          8
p - Orb of Destruction    Conj           41%        9d11      1%          7
q - Borgnjor's Revivific  Necr           41%        N/A       1%          8
r - Dragon's Call         Summ           41%        N/A       2%          9
Your spell library was empty.

Dungeon Overview and Level Annotations

Branches:
Dungeon (1/1)

Altars:
Makhleb


Innate Abilities, Weirdness & Mutations

You are immune to sickness and miasma.
You are immune to poison.
Your flesh is very heat resistant. (rF++)
You are vulnerable to cold. (rC-)
You float through the air rather than walking.
You learn spells naturally, not from books.
Your magical power is your life essence.
You have superior vitality. (+4 MHP)


Message History

The scourge throws poison sting at you. The poison arrow hits you!!
You partially resist.
* * * LOW HITPOINT WARNING * * *
You hear a shout! x2
Unknown command.
You hear a shout! x2
The observer gazes at you. Something smites you!
* * * LOW HITPOINT WARNING * * *
A bag of meat comes into view. It is wielding a +9 war axe. x3
An observer comes into view.
You hear a shout!
The meat berserker rages.
An accursed comes into view.
The meat berserker barely misses you.
The bag of meat shouts!
You hear a shout!
Unknown command.
You slice the meat berserker!!
You slaughter the meat berserker joyfully.
You kill the meat berserker!
Makhleb accepts your kill.
You slash the bag of meat! You chop the bag of meat into pieces.
You kill the bag of meat!
Makhleb accepts your kill.
You feel better. The observer gazes at you. The bolt of fire hits you!
You resist.
* * * LOW HITPOINT WARNING * * *
You hear a shout! x2
The accursed casts a spell at you. Something smites you!
* * * LOW HITPOINT WARNING * * *
You hear a shout! x4
A sculptor of flesh comes into view. It is wielding a +9 great sword.
The accursed casts a spell at you. Something smites you!
* * * LOW HITPOINT WARNING * * *
The observer gazes at you. Something smites you!
You die...

......_...o.....
..Mz.........###........
.G..o...###.......###o.o
oS.z.o....#.......#....O
.o.oS...#.......#.....
#oo...................O
#G#OG............2..#o
#..)..............#))
#.#.)@O2........M##.).
.#.....#....M.M.#.....
........).°☼......#)).##
#.......##)#○..)))).....
##.......).°°.))))).....
....####..☼☼#.).).####..
#...........)..))...#...
####.........)))........
####.....)).)......##


You could see 2 accurseds, a meat beast (fast), 3 observers, 2 scourges, 2
sculptors of flesh, 2 meat berserkers and 7 bags of meat.

Vanquished Creatures
  5 hell beasts (D)
  A royal mummy (D)
  2 great orbs of eyes (D)
  3 wraiths (D)
  Harold (D)
  13 vampire knights (D)
  44 ogres (D)
  10 two-headed ogres (D)
  2 liches (D)
  A hydra (D)
  2 phantoms (D)
  87 orcs (D)
  10 skeletal warriors (D)
  A sea snake (D)
182 creatures vanquished.

Vanquished Creatures (others)
  A hydra (D)
1 creature vanquished.

Grand Total: 183 creatures vanquished

Notes
Turn   | Place    | Note
-------+----------+-------------------------------------------
     0 | D        | Found the +∞ Axe of Woe
     0 | D        | BigDaddyOpFi the Djinni Warper began the quest for the Orb.
     0 | D        | BigDaddyOpFi set off with the following spells memorised:
                  | Blink, Lesser Beckoning, Vhi's Electric Charge, Teleport
                  | Other, Manifold Assault.
     0 | D        | Reached XP level 1. HP: 18/18 MP: 0/0
     2 | D        | Noticed a bag of meat
     4 | D        | Became a worshipper of Makhleb the Destroyer
     4 | D        | Noticed a bag of meat
     4 | D        | Noticed a bag of meat
     5 | D        | Noticed a meat berserker
     7 | D        | Noticed a bag of meat
     9 | D        | Killed a bag of meat
     9 | D        | Noticed a meat berserker
     9 | D        | Noticed a bag of meat
     9 | D        | Noticed a bag of meat
    10 | D        | Reached skill level 10 in Dodging
    10 | D        | Reached XP level 2. HP: 34/34 MP: 0/0
    10 | D        | Reached XP level 3. HP: 39/39 MP: 0/0
    10 | D        | Learned a level 1 spell: Foxfire
    10 | D        | Reached XP level 4. HP: 45/45 MP: 0/0
    10 | D        | Reached XP level 5. HP: 50/50 MP: 0/0
    10 | D        | Learned a level 2 spell: Static Discharge
    10 | D        | Reached XP level 6. HP: 56/56 MP: 0/0
    10 | D        | Reached XP level 7. HP: 61/61 MP: 0/0
    10 | D        | Learned a level 3 spell: Summon Guardian Golem
    10 | D        | Reached XP level 8. HP: 67/67 MP: 0/0
    10 | D        | Reached XP level 9. HP: 72/72 MP: 0/0
    10 | D        | Learned a level 3 spell: Inner Flame
    10 | D        | Reached XP level 10. HP: 78/78 MP: 0/0
    10 | D        | Reached XP level 11. HP: 84/84 MP: 0/0
    10 | D        | Learned a level 5 spell: Silence
    10 | D        | Killed a meat berserker
    10 | D        | Reached * piety under Makhleb
    10 | D        | Killed a bag of meat
    10 | D        | Noticed a meat berserker
    10 | D        | Noticed a bag of meat
    10 | D        | Noticed a bag of meat
    11 | D        | Reached skill level 10 in Axes
    11 | D        | Reached skill level 10 in Throwing
    11 | D        | Reached XP level 12. HP: 95/95 MP: 0/0
    11 | D        | Reached XP level 13. HP: 101/101 MP: 0/0
    11 | D        | Learned a level 5 spell: Iskenderun's Battlesphere
    11 | D        | Noticed a bag of meat
    12 | D        | Killed a meat berserker
    12 | D        | Killed a bag of meat
    12 | D        | Reached ** piety under Makhleb
    13 | D        | Reached skill level 15 in Dodging
    13 | D        | Reached XP level 14. HP: 111/111 MP: 0/0
    13 | D        | Killed a meat berserker
    13 | D        | Killed a bag of meat
    13 | D        | Noticed a meat berserker
    14 | D        | Reached skill level 15 in Fighting
    14 | D        | Reached skill level 15 in Armour
    14 | D        | Reached skill level 15 in Unarmed Combat
    14 | D        | Reached skill level 15 in Invocations
    14 | D        | Reached XP level 15. HP: 120/120 MP: 0/0
    14 | D        | Learned a level 6 spell: Summon Cactus Giant
    15 | D        | Reached *** piety under Makhleb
    15 | D        | Noticed a meat berserker
    16 | D        | Noticed a meat berserker
    17 | D        | Reached XP level 16. HP: 128/128 MP: 0/0
    17 | D        | Killed a meat berserker
    17 | D        | Reached **** piety under Makhleb
    17 | D        | Noticed a meat berserker
    18 | D        | Reached skill level 15 in Stealth
    18 | D        | Reached XP level 17. HP: 136/136 MP: 0/0
    18 | D        | Learned a level 7 spell: Enfeeble
    18 | D        | Noticed a meat berserker
    18 | D        | Killed a meat berserker
    19 | D        | Reached skill level 15 in Axes
    19 | D        | Reached skill level 15 in Throwing
    19 | D        | Noticed a meat berserker
    19 | D        | Noticed a destroyer
    19 | D        | Killed a meat berserker
    19 | D        | Noticed a meat berserker
    19 | D        | Noticed a meat berserker
    19 | D        | Noticed a destroyer
    20 | D        | Killed a meat berserker
    20 | D        | Reached ***** piety under Makhleb
    20 | D        | Noticed a meat berserker
    21 | D        | Reached skill level 15 in Spellcasting
    21 | D        | Reached XP level 18. HP: 148/148 MP: 0/0
    21 | D        | Killed a destroyer
    21 | D        | Killed a destroyer
    22 | D        | Reached XP level 19. HP: 157/157 MP: 0/0
    22 | D        | Learned a level 7 spell: Haunt
    22 | D        | Noticed a meat berserker
    22 | D        | Noticed a meat berserker
    22 | D        | Noticed a meat berserker
    22 | D        | Noticed a destroyer
    22 | D        | Noticed a large bag of meat
    23 | D        | Killed a meat berserker
    23 | D        | Noticed a meat berserker
    23 | D        | Noticed a meat berserker
    23 | D        | Noticed a large bag of meat
    24 | D        | Killed a meat berserker
    24 | D        | Killed a meat berserker
    24 | D        | Reached ****** piety under Makhleb
    24 | D        | Killed a meat berserker
    24 | D        | Noticed a destroyer
    25 | D        | Reached XP level 20. HP: 170/170 MP: 0/0
    25 | D        | Killed a meat berserker
    27 | D        | Reached XP level 21. HP: 99/180 MP: 0/0
    27 | D        | Learned a level 8 spell: Necromutation
    27 | D        | Killed a meat berserker
    27 | D        | Killed a meat berserker
    28 | D        | Reached skill level 27 in Dodging
    28 | D        | Killed a destroyer
    28 | D        | Killed a meat berserker
    28 | D        | Killed a meat berserker
    28 | D        | Noticed a meat berserker
    28 | D        | Noticed a destroyer
    29 | D        | Reached XP level 22. HP: 193/193 MP: 0/0
    30 | D        | Reached skill level 27 in Fighting
    30 | D        | Reached skill level 27 in Armour
    30 | D        | Reached skill level 27 in Unarmed Combat
    30 | D        | Reached skill level 27 in Invocations
    30 | D        | Killed a destroyer
    31 | D        | Noticed a large bag of meat
    31 | D        | Noticed a meat berserker
    31 | D        | Noticed a large bag of meat
    31 | D        | Killed a destroyer
    31 | D        | Noticed a destroyer
    32 | D        | Reached skill level 27 in Stealth
    32 | D        | Reached XP level 23. HP: 201/201 MP: 0/0
    32 | D        | Learned a level 7 spell: Orb of Destruction
    32 | D        | Noticed a destroyer
    33 | D        | Noticed a destroyer
    33 | D        | Noticed a large bag of meat
    34 | D        | Reached skill level 27 in Axes
    34 | D        | Reached skill level 27 in Throwing
    34 | D        | Reached skill level 27 in Spellcasting
    34 | D        | Reached skill level 5 in Maces & Flails
    34 | D        | Reached skill level 5 in Polearms
    35 | D        | Reached skill level 15 in Maces & Flails
    35 | D        | Reached skill level 15 in Polearms
    35 | D        | Reached XP level 24. HP: 208/208 MP: 0/0
    36 | D        | Killed a destroyer
    38 | D        | Reached XP level 25. HP: 214/214 MP: 0/0
    38 | D        | Learned a level 8 spell: Borgnjor's Revivification
    39 | D        | Killed a large bag of meat
    40 | D        | Reached skill level 27 in Maces & Flails
    40 | D        | Reached skill level 27 in Polearms
    41 | D        | Killed a destroyer
    41 | D        | Noticed a large bag of meat
    42 | D        | Reached XP level 26. HP: 221/221 MP: 0/0
    42 | D        | Noticed a destroyer
    42 | D        | Noticed The Servant
    43 | D        | Noticed a destroyer
    45 | D        | Reached skill level 27 in Staves
    45 | D        | Reached skill level 10 in Short Blades
    45 | D        | Reached skill level 10 in Long Blades
    47 | D        | Reached skill level 15 in Short Blades
    47 | D        | Reached skill level 15 in Long Blades
    47 | D        | Reached XP level 27. HP: 191/228 MP: 0/0
    47 | D        | Learned a level 9 spell: Dragon's Call
    48 | D        | Noticed an accursed
    48 | D        | Killed a destroyer
    49 | D        | Killed a large bag of meat
    51 | D        | Killed The Servant
    53 | D        | Noticed a large bag of meat
    54 | D        | Reached skill level 27 in Shields
    54 | D        | Killed a destroyer
    55 | D        | Reached skill level 27 in Short Blades
    55 | D        | Reached skill level 27 in Long Blades
    55 | D        | Reached skill level 27 in Ranged Weapons
    56 | D        | Noticed a meat beast
    57 | D        | Killed a meat beast
    58 | D        | Reached skill level 27 in Evocations
    59 | D        | Killed a destroyer
    61 | D        | Killed an accursed
    62 | D        | Noticed a large bag of meat
    63 | D        | Noticed a large bag of meat
    64 | D        | Killed a large bag of meat
    65 | D        | Noticed a destroyer
    67 | D        | Killed a large bag of meat
    69 | D        | Killed a large bag of meat
    72 | D        | Killed a large bag of meat
    72 | D        | Killed a large bag of meat
    72 | D        | Noticed a large bag of meat
    73 | D        | Noticed a meat beast
    73 | D        | Killed a destroyer
    76 | D        | Killed a meat beast
    78 | D        | Noticed a meat beast
    79 | D        | Killed a large bag of meat
    80 | D        | Noticed a tyrant
    83 | D        | Killed a meat beast
    88 | D        | Killed a tyrant
    89 | D        | Noticed a dread
    89 | D        | Noticed a large bag of meat
    89 | D        | Noticed a meat beast
    89 | D        | Noticed a destroyer
    92 | D        | Noticed a tyrant
    93 | D        | Killed a meat beast
    94 | D        | Killed a destroyer
    95 | D        | Killed a large bag of meat
    97 | D        | Killed a tyrant
    98 | D        | Killed a large bag of meat
    99 | D        | Noticed a dread
   100 | D        | Killed a dread
   103 | D        | Noticed a dread
   105 | D        | Killed a dread
   108 | D        | Noticed a meat beast
   108 | D        | Noticed an accursed
   109 | D        | Killed a dread
   109 | D        | Noticed a meat beast
   110 | D        | Noticed a destroyer
   111 | D        | HP: 9/228 [??? (6)]
   112 | D        | Killed a destroyer
   113 | D        | Killed a meat beast
   114 | D        | Noticed an accursed
   115 | D        | Killed from afar by an observer

Illustrated notes

Levels and vault maps discovered:
D:        meatsprint

Skill      XL: |  1  2  3  4  5  6  7  8  9 10 11 12 13 14 15 16 17 18 19 20 21 22 23 24 25 26 27 |
---------------+----------------------------------------------------------------------------------+-----
Fighting       | 9 12 13 15 16 17 19 20 23 24 26 27 | 27.0
Axes           | 7 10 11 12 13 14 16 17 19 20 23 25 27 | 27.0
Throwing       | 7 10 11 12 13 14 16 17 19 20 23 25 27 | 27.0
Armour         | 8 12 13 15 16 17 19 20 23 24 26 27 | 27.0
Dodging        | 10 13 15 16 17 18 20 22 25 26 27 | 27.0
Stealth        | 8 11 12 13 14 15 17 18 21 22 24 27 | 27.0
Unarmed Combat | 9 12 13 15 16 17 19 20 23 24 26 27 | 27.0
Spellcasting   | 7 9 11 12 13 15 16 18 19 21 23 27 | 27.0
Invocations    | 8 12 13 15 16 17 19 20 23 24 26 27 | 27.0
Maces & Flails | 15 23 27 | 27.0
Polearms       | 15 23 27 | 27.0
Staves         | 24 27 | 27.0
Short Blades   | 15 27 | 27.0
Long Blades    | 15 27 | 27.0
Ranged Weapons | 14 27 | 27.0
Shields        | 17 27 | 27.0
Evocations     | 27 | 27.0

Action                     |  1- 3 |  4- 6 |  7- 9 | 10-12 | 13-15 | 16-18 | 19-21 | 22-24 | 25-27 || total
---------------------------+-------+-------+-------+-------+-------+-------+-------+-------+-------++-------
  Melee: Executioner's axe |     1 |       |       |     1 |     4 |     5 |     7 |     9 |    69 ||    96
   Cast: Vhi's Electric Ch |       |       |       |       |       |     2 |     1 |     5 |    12 ||    20
    Use: Scroll            |       |       |       |       |       |       |       |       |     1 ||     1
 Armour: Leather armour    |       |       |       |       |       |       |       |       |     2 ||     2
  Dodge: Dodged            |       |       |       |       |       |       |       |     1 |     9 ||    10

Table legend: (Time is in decaauts)
 A = Elapsed time spent in this place.
 B = Non-inter-level travel time spent in this place.
 C = Inter-level travel time spent in this place.
 D = Time resting spent in this place.
 E = Time spent auto-exploring this place.
 F = Levels seen in this place.
 G = Mean time per level.
                   A        B        C        D        E       F      G
               +--------+--------+--------+--------+--------+-----+--------+
         Total |    106 |    106 |      0 |      0 |      0 |   1 |  106.0 |
       Dungeon |    106 |    106 |      0 |      0 |      0 |   1 |  106.0 |
               +--------+--------+--------+--------+--------+-----+--------+

Top non-repeatable levels by time:
       D: 106 daAuts
